 Dungeon Crawl Stone Soup version 0.31-a0-845-g9abc20d24f (webtiles) character file.

Game seed: 8733423896825149597

36323 Phaelo the Severer (level 13, -1/83 HPs)
             Began as a Gargoyle Fighter on Oct 1, 2023.
             Was a High Priest of Nemelex Xobeh.
             Slain by a cane toad (21 damage)
             ... on level 5 of the Lair of Beasts.
             The game lasted 01:20:34 (16505 turns).

Phaelo the Severer (Gargoyle Fighter)              Turns: 16505, Time: 01:20:35

Health: -1/83      AC:  0    Str: 25    XL:     13   Next: 89%
Magic:  13/13      EV: 13    Int:  9    God:    Nemelex Xobeh [*****.]
Gold:   856        SH:  5    Dex:  9    Spells: 12/12 levels left

rFire   . . .        G - melded +3 war axe (flame)
rCold   . . .        j - melded +0 tower shield
rNeg    + . .        c - melded +0 plate armour
rPois   ∞            (helmet currently unavailable)
rElec   .            q - melded +2 cloak {rCorr}
rCorr   .            x - melded +1 pair of gloves
SInv    .            (boots currently unavailable)
Will    .....        S - amulet of reflection
Stlth   +            I - melded +6 ring of strength
HPRegen 0.33/turn    e - melded +4 ring of slaying
MPRegen 0.13/turn

%: reflection
@: pig-form, very quick
A: fast, no casting, sickness immunity, AC +9, small, negative energy resistance
1, (electricity resistance), torment resistance 1, petrification resistance
a: Renounce Religion, Draw Escape, Draw Destruction, Draw Summoning, Triple
Draw, Deal Four, Stack Five


You were on level 5 of the Lair of Beasts.
You worshipped Nemelex Xobeh.
Nemelex Xobeh was extremely pleased with you.
You were a filthy swine.
You visited 3 branches of the dungeon, and saw 17 of its levels.

You collected 856 gold pieces.

Inventory:

Hand Weapons
 C - a +4 hand axe of freezing
 G - a +3 war axe of flaming (melded)
Armour
 c - a +0 plate armour (melded)
 j - a +0 tower shield (melded)
 q - a +2 cloak of preservation (melded)
 x - a +1 pair of gloves (melded)
Jewellery
 a - a ring of resist corrosion
 e - a +4 ring of slaying (melded)
 h - a ring of flight
 n - a +5 ring of evasion
 r - a ring of ice
 I - a +6 ring of strength (melded)
 S - an amulet of reflection (around neck)
Talismans
 W - a maw talisman
Scrolls
 l - 2 scrolls of brand weapon
 m - 4 scrolls of teleportation
 u - 3 scrolls of poison
 A - 3 scrolls of enchant weapon
 B - 3 scrolls of amnesia
 D - 3 scrolls of immolation
 H - 2 scrolls of enchant armour
 J - a scroll of vulnerability
 L - 3 scrolls of fog
 M - a scroll of torment
 R - a scroll of identify
 V - 3 scrolls of fear
 X - 2 scrolls of noise
Potions
 b - a potion of resistance {unknown}
 d - 4 potions of might
 f - 4 potions of enlightenment
 k - 2 potions of ambrosia
 v - 5 potions of curing
 w - a potion of cancellation {unknown}
 z - 2 potions of magic {unknown}
 K - 2 potions of haste
 N - 3 potions of brilliance


   Skills:
 + Level 10.6 Fighting
 - Level 16.0 Axes
 - Level 14.4 Armour
 + Level 10.6 Shields


You had 12 spell levels left.
You didn't know any spells.
Your spell library contained the following spells:

 Spells                   Type           Power      Damage    Failure   Level
 Freeze                   Ice            0%         1d3       38%         1
 Summon Small Mammal      Summ           0%         N/A       38%         1
 Blink                    Tloc           0%         N/A       52%         2
 Ensorcelled Hibernation  Hex/Ice        0%         N/A       52%         2
 Jinxbite                 Hex            0%         N/A       52%         2
 Scorch                   Fire           0%         2d5       52%         2
 Call Canine Familiar     Summ           0%         N/A       77%         3
 Frozen Ramparts          Ice            0%         1d1       77%         3
 Hailstorm                Conj/Ice       0%         3d3       77%         3
 Ignite Poison            Fire/Tmut/Pois 0%         N/A       77%         3
 Ozocubu's Armour         Ice            0%         N/A       77%         3
 Summon Guardian Golem    Hex/Summ       0%         N/A       77%         3
 Anguish                  Hex/Necr       0%         N/A       99%         4
 Animate Dead             Necr           0%         N/A       99%         4
 Flame Wave               Conj/Fire      0%         2d4       99%         4
 Manifold Assault         Tloc           0%         N/A       99%         4
 Borgnjor's Vile Clutch   Necr/Erth      0%         N/A       100%        5
 Freezing Cloud           Conj/Ice/Air   0%         6-21      100%        5
 Death Channel            Necr           0%         N/A       100%        6
 Summon Cactus Giant      Summ           0%         N/A       100%        6
 Ozocubu's Refrigeration  Ice            0%         4d7       100%        7
 Cigotuvi's Dreadful Rot  Necr/Pois/Air  Unusable   N/A       N/A         2

Dungeon Overview and Level Annotations

Branches:
Dungeon (11/15)            Temple (1/1) D:6            Lair (5/5) D:11
  Swamp (0/4) Lair:2       Spider (0/4) Lair:3          Orc (0/2) D:10
  Slime: Lair:4-5

Altars:
Ashenzari
Cheibriados
Dithmenos
Elyvilon
Fedhas
Gozag
Hepliaklqana
Kikubaaqudgha
Makhleb
Nemelex Xobeh
Okawaru
Qazlal
Ru
Sif Muna
Trog
Uskayaw
Vehumet
Wu Jian
Xom
Yredelemnul
Zin
The Shining One

Shops:
D:9 [

Annotations:
Lair:4 Kirke


Innate Abilities, Weirdness & Mutations

You are a filthy swine.
You move quickly.
Your equipment is almost entirely melded.
You are incapable of wielding weapons or throwing items.
You cannot cast spells.
You are immune to sickness and miasma.
((Your stone body is resilient. (AC +9)))
You are immune to poison.
You resist negative energy. (rN+)
((You are resistant to electric shocks. (rElec)))
You are resistant to unholy torment.
You are immune to petrification.


Message History

Your +3 war axe of flaming stops flaming.
You feel weaker. The hog bites you! The hog bites you.
You closely miss Kirke.
Kirke is heavily wounded.
You feel troubled. Kirke hits you. The hog completely misses you.
You block the hog's attack.
You bite Kirke!
Kirke is heavily wounded.
The hog closely misses you. The hog bites you. Kirke barely misses you.
You barely miss Kirke.
Kirke is heavily wounded.
The hog bites you! The hog bites you.
You hit Kirke.
Kirke is heavily wounded.
Kirke misses you. The hog bites you. The hog bites you!
You hit Kirke but do no damage.
Kirke is heavily wounded.
The hog bites you. Kirke hits you!
* * * LOW HITPOINT WARNING * * *
The hog closely misses you. The hog bites you.
* * * LOW HITPOINT WARNING * * *
The hog barely misses you.
Blink to where?
Press: ? - help, Q - select action, (/) - cycle Dir - move target
As you read the scroll of blinking, it crumbles to dust.
There is a stone staircase leading down here.
You climb downwards.
Found a potion of might and a potion of enlightenment.
There is a stone staircase leading up here.
A cane toad is nearby!
A cane toad is nearby!
The cane toad croaks.
Found a pair of gloves.
Found 3 boomerangs.
A wolf comes into view.
You see here a potion of enlightenment.
The cane toad stings you!!
You die...
Your body glows with a rainbow of weird colours and disappears.

.... #P.......... .#
.....###.<........
....#.................
....#..#..#...........
...#.##...............
....#.................
......................
....(.................
.....^..hF.!..........
...#.......#..........
....###...#.......[...
... #+.............. .
....##.........
.....##.........
#....#.#........
.....###.......


You could see a cane toad.

Vanquished Creatures
  Fannar (D:11)
  2 hydras (Lair:3)
  Erica (D:8)
  A boulder beetle (D:10)
  A two-headed ogre (D:10)
  Nergalle (D:11)
  Amaemon (D:11)
  2 bog bodies (Lair:2)
  A deep elf pyromancer (D:11)
  8 elephants
  9 cane toads
  An orange demon (D:11)
  2 torpor snails
  8 rime drakes
  6 komodo dragons
  Grinder (D:6)
  A hornet (Lair:2)
  11 dream sheep
  9 blink frogs
  Sigmund (D:2)
  A wraith (D:11)
  6 wyverns
  34 yaks
  A hog (Lair:4)
  4 basilisks
  Grum (D:8)
  4 vampire mosquitoes (D:11)
  2 redbacks (Lair:3)
  6 water moccasins
  2 swamp worms (Lair:2)
  2 acid dragons (D:10)
  Duvessa (D:5)
  3 ice beasts
  4 orc warriors
  3 black bears
  6 wolves
  2 phantoms (D:5)
  14 centaurs
  3 kobold brigands
  Blork the orc (D:4)
  10 bullfrogs
  2 gnoll sergeants
  7 scorpions
  15 wights
  Dowan (D:5)
  16 killer bees
  A howler monkey (D:10)
  An electric eel (Lair:2)
  17 orc priests
  A sleepcap (D:6)
  4 hounds (D:5)
  Crazy Yiuf (D:2)
  An iguana (D:5)
  17 orc wizards
  Robin (D:3)
  8 gnolls
  8 adders
  A shadow imp (D:5)
  2 white imps
  2 ufetubi
  4 worms
  2 dart slugs
  68 orcs
  7 ball pythons
  8 bats
  13 endoplasms
  12 goblins
  10 hobgoblins
  2 quokkas (D:1)
  9 frilled lizards
  17 kobolds
  7 rats
  2 butterflies (Lair:1)
445 creatures vanquished.

Vanquished Creatures (others)
  Sonja (D:11)
1 creature vanquished.

Grand Total: 446 creatures vanquished

Notes
Turn   | Place    | Note
-------+----------+-------------------------------------------
     0 | D:1      | Phaelo the Gargoyle Fighter began the quest for the Orb.
     0 | D:1      | Reached XP level 1. HP: 14/14 MP: 1/1
    36 | D:1      | Reached skill level 2 in Axes
    90 | D:1      | Reached XP level 2. HP: 17/19 MP: 2/2
   397 | D:1      | Reached skill level 3 in Axes
   452 | D:1      | Reached XP level 3. HP: 17/23 MP: 3/3
   905 | D:2      | Noticed Sigmund
   921 | D:2      | Killed Sigmund
   922 | D:2      | Reached skill level 5 in Axes
   922 | D:2      | Reached XP level 4. HP: 21/28 MP: 4/4
   922 | D:2      | Reached XP level 5. HP: 25/32 MP: 5/5
  1046 | D:2      | Found a runed translucent door.
  1047 | D:2      | Noticed Crazy Yiuf
  1052 | D:2      | Paralysed by Crazy Yiuf for 3 turns
  1055 | D:2      | Killed Crazy Yiuf
  1056 | D:2      | Reached XP level 6. HP: 21/37 MP: 6/6
  1620 | D:3      | Found a faded altar of an unknown god.
  2151 | D:3      | Noticed Robin
  2157 | D:3      | Killed Robin
  2499 | D:3      | Reached skill level 6 in Axes
  3115 | D:4      | Reached XP level 7. HP: 41/41 MP: 7/7
  3305 | D:4      | Noticed Blork the orc
  3311 | D:4      | Killed Blork the orc
  3416 | D:4      | Found a bloodstained altar of Trog.
  3717 | D:5      | Entered Level 5 of the Dungeon
  3727 | D:5      | Reached skill level 7 in Axes
  4038 | D:5      | Reached skill level 8 in Axes
  4125 | D:5      | Found an opulent altar of Gozag.
  4229 | D:5      | Noticed Duvessa
  4229 | D:5      | Noticed Dowan
  4232 | D:5      | Killed Duvessa
  4233 | D:5      | Reached XP level 8. HP: 46/46 MP: 8/8
  4237 | D:5      | Killed Dowan
  4473 | D:5      | Reached skill level 9 in Axes
  4560 | D:5      | Found a glowing golden altar of the Shining One.
  4564 | D:5      | Found a blossoming altar of Fedhas.
  4565 | D:5      | Found a sparkling altar of Nemelex Xobeh.
  4568 | D:5      | Found a radiant altar of Vehumet.
  4583 | D:5      | Became a worshipper of Nemelex Xobeh the Trickster
  4858 | D:5      | Reached skill level 10 in Axes
  4873 | D:5      | Reached XP level 9. HP: 50/51 MP: 9/9
  4974 | D:5      | Identified a scroll of acquirement
  4974 | D:5      | Acquired a manual of Armour
  5249 | D:6      | Reached skill level 11 in Axes
  5418 | D:6      | Found a staircase to the Ecumenical Temple.
  5501 | Temple   | Entered the Ecumenical Temple
  5766 | D:6      | Noticed Grinder
  5773 | D:6      | Killed Grinder
  5935 | D:6      | Found a shimmering blue altar of Sif Muna.
  6261 | D:7      | Reached skill level 12 in Axes
  6405 | D:7      | Identified the +9 falchion of Giwnuk {flame, Int+4 Dex-4}
  6605 | D:7      | Found an iron altar of Okawaru.
  6607 | D:7      | Found a runed translucent door.
  6612 | D:7      | Found the +0 toga "Victory" {*Victory Clar}
  6625 | D:7      | Reached XP level 10. HP: 54/56 MP: 10/10
  6733 | D:7      | Reached * piety under Nemelex Xobeh
  7557 | D:8      | Noticed Grum
  7566 | D:8      | Reached skill level 13 in Axes
  7772 | D:8      | Found a hazy altar of Hepliaklqana.
  7862 | D:8      | Killed Grum
  7911 | D:8      | Found a stormy altar of Qazlal.
  7921 | D:8      | Received a gift from Nemelex Xobeh
  8098 | D:8      | Noticed Erica
  8107 | D:8      | Killed Erica
  8208 | D:8      | Found an ancient bone altar of Kikubaaqudgha.
  8316 | D:8      | Reached ** piety under Nemelex Xobeh
  8557 | D:9      | Reached skill level 14 in Axes
  8651 | D:9      | Found Ijen Paa's Antique Armour Shop.
  8738 | D:9      | Reached XP level 11. HP: 57/60 MP: 11/11
  8942 | D:9      | Reached skill level 15 in Axes
  9446 | D:10     | Entered Level 10 of the Dungeon
  9635 | D:10     | Received a gift from Nemelex Xobeh
  9826 | D:10     | Reached *** piety under Nemelex Xobeh
  9932 | D:10     | Noticed a two-headed ogre
  9943 | D:10     | Killed a two-headed ogre
 10141 | D:10     | Found a staircase to the Orcish Mines.
 10227 | D:10     | Reached skill level 16 in Axes
 10459 | D:10     | Received a gift from Nemelex Xobeh
 10744 | D:10     | Noticed a boulder beetle
 10796 | D:10     | Killed a boulder beetle
 11373 | D:11     | Reached skill level 5 in Armour
 11384 | D:11     | Noticed Fannar
 11412 | D:11     | Killed Fannar
 11843 | D:11     | Noticed Sonja
 11857 | D:11     | Killed Sonja
 11877 | D:11     | Noticed Amaemon
 11903 | D:11     | Killed Amaemon
 11904 | D:11     | Reached skill level 5 in Fighting
 11904 | D:11     | Reached skill level 5 in Shields
 11904 | D:11     | Reached XP level 12. HP: 66/68 MP: 12/12
 12233 | D:11     | Noticed Nergalle
 12245 | D:11     | Killed Nergalle
 12255 | D:11     | Found a staircase to the Lair.
 12709 | Lair:1   | Entered Level 1 of the Lair of Beasts
 12709 | Lair:1   | Received a gift from Nemelex Xobeh
 12755 | Lair:1   | Reached skill level 10 in Armour
 12792 | Lair:1   | Found the +4 skin of Zhor {*Englaciate rC+++ SInv}
 12825 | Lair:1   | Reached **** piety under Nemelex Xobeh
 13137 | Lair:1   | Received a gift from Nemelex Xobeh
 13172 | Lair:1   | Identified the +1 ring mail of the Villain {rElec Int+3}
 13787 | Lair:2   | Received a gift from Nemelex Xobeh
 13909 | Lair:2   | Reached XP level 13. HP: 59/77 MP: 13/13
 14247 | Lair:2   | Reached ***** piety under Nemelex Xobeh
 14429 | Lair:2   | Found a staircase to the Swamp.
 15219 | Lair:3   | Found a hole to the Spider Nest.
 15327 | Lair:3   | Identified the +12 scimitar of Gloom {freeze, rElec rF+
                  | rCorr Int+3}
 15530 | Lair:3   | Received a gift from Nemelex Xobeh
 15812 | Lair:3   | Reached skill level 10 in Fighting
 15812 | Lair:3   | Reached skill level 10 in Shields
 16442 | Lair:4   | Received a gift from Nemelex Xobeh
 16450 | Lair:4   | Noticed Kirke
 16489 | Lair:5   | Entered Level 5 of the Lair of Beasts
 16505 | Lair:5   | Slain by a cane toad

Illustrated notes

Levels and vault maps discovered:
D:1:      wander_arrival_peaceful_grave, layout_rooms, minmay_misc_feat_pillars
D:2:      layout_basic, minmay_pentomino_r4, uniq_sigmund,
          uniq_crazy_yiuf_cottage
D:3:      minmay_chambers_of_threes, layout_loops_ring,
          nicolae_ecumenical_oubliette, uniq_robin
D:4:      layout_loops_ring, nicolae_overflow_hidden_temple, uniq_blork_the_orc
D:5:      minmay_bubble_buster, layout_loops_ring, minitemple,
          lemuel_tele_altar, uniq_duvessa
D:6:      layout_rooms, nicolae_sif_muna_little_library,
          minmay_temple_entry_arrows, uniq_grinder
D:7:      layout_rooms, nicolae_overflow_guarded_unrand_okawaru_victory,
          serial_bayou_pond_d, kennysheep_flooded_box, minivault_23,
          kennysheep_minor_cross, nicolae_letterblocks [nicolae_letter_subblock,
          nicolae_letter_subblock, nicolae_letter_subblock,
          nicolae_letter_subblock, nicolae_letter_subblock,
          nicolae_letter_subblock, nicolae_letter_subblock,
          nicolae_letter_subblock, nicolae_letter_subblock,
          nicolae_letter_subblock, nicolae_letter_subblock,
          nicolae_letter_subblock, nicolae_letter_subblock,
          nicolae_letter_subblock, nicolae_letter_subblock,
          nicolae_letter_subblock, nicolae_letter_subblock,
          nicolae_letter_subblock, nicolae_letter_subblock,
          nicolae_letter_subblock, nicolae_letter_subblock,
          nicolae_letter_subblock, nicolae_letter_subblock,
          nicolae_letter_subblock, nicolae_letter_subblock]
D:8:      layout_basic, mainiacjoe_overflow_chevrons, lemuel_crystal_altar,
          mainiacjoe_overflow_cross_hatched, hangedman_abyss_or_decor_clamps,
          corexii_checkpoint_a, uniq_erica, uniq_grum
D:9:      layout_loops_ring, serial_shops, shop
D:10:     layout_layer_cave, hiddenorc2_lemuel, kb_lookout_dungeons_type
D:11:     layout_basic, lair_entry_dummy, uniq_nergalle, uniq_fannar,
          uniq_sonja, uniq_amaemon
Temple:   grunt_temple_mini_profane
Lair:1:   layout_gridlike, hellmonk_guarded_unrand_zhor, lemuel_fruit_fields,
          lemuel_fruit_fields
Lair:2:   dreamdust_cave_troll, layout_small_grid,
          nicolae_swamp_entry_splash_gauntlet, grunt_megastairs_2
Lair:3:   layout_long_grid, spider_nest_entry_webs, beast_lair_carwin_7
Lair:4:   layout_long_grid, nicolae_slime_entry_slimehenge, lookout_lair_type,
          minmay_hedge_maze, uniq_kirke
Lair:5:   minmay_lair_end_enchanted_forest, layout_regular_city

Skill      XL: |  1  2  3  4  5  6  7  8  9 10 11 12 13 |
---------------+----------------------------------------+-----
Axes           | 2 3 5 6 8 10 12 14 16 | 16.0
Armour         | 8 13 14 | 14.4
Fighting       | 5 7 10 | 10.6
Shields        | 5 7 10 | 10.6

Action                     |  1- 3 |  4- 6 |  7- 9 | 10-12 | 13-15 || total
---------------------------+-------+-------+-------+-------+-------++-------
  Melee: War axe           |    81 |   129 |   210 |   501 |   216 ||  1137
         Unarmed           |       |       |       |     1 |     5 ||     6
    Use: Scroll            |       |     9 |     6 |     8 |     1 ||    24
         Potion            |       |       |     1 |     3 |       ||     4
 Armour: Scale mail        |    76 |    69 |   181 |    50 |       ||   376
         Plate armour      |       |       |       |   293 |   155 ||   448
         Skin              |       |       |       |     9 |    12 ||    21
  Dodge: Dodged            |    40 |    52 |    44 |    88 |    49 ||   273
  Block: Buckler           |    15 |       |       |       |       ||    15
         Tower shield      |    43 |    81 |   123 |   494 |   192 ||   933
         Reflection        |       |       |       |    42 |     1 ||    43
         Other             |       |       |       |       |     1 ||     1

Table legend: (Time is in decaauts)
 A = Elapsed time spent in this place.
 B = Non-inter-level travel time spent in this place.
 C = Inter-level travel time spent in this place.
 D = Time resting spent in this place.
 E = Time spent auto-exploring this place.
 F = Levels seen in this place.
 G = Mean time per level.
                   A        B        C        D        E       F      G
               +--------+--------+--------+--------+--------+-----+--------+
         Total |  16609 |  16235 |    374 |   2077 |   2445 |  17 |  977.0 |
       Dungeon |  12614 |  12318 |    296 |   1704 |   1800 |  11 | 1146.7 |
        Temple |    242 |    230 |     12 |      0 |      0 |   1 |  242.0 |
          Lair |   3752 |   3687 |     65 |    373 |    645 |   5 |  750.4 |
               +--------+--------+--------+--------+--------+-----+--------+

Top non-repeatable levels by time:
    D:10: 1857 daAuts
     D:7: 1654 daAuts
  Lair:2: 1455 daAuts
     D:5: 1404 daAuts
    D:11: 1389 daAuts
  Lair:3: 1120 daAuts
     D:3: 1098 daAuts
  Lair:1: 1027 daAuts
     D:4: 946 daAuts
     D:9: 914 daAuts
     D:2: 914 daAuts
     D:1: 869 daAuts
     D:6: 806 daAuts
     D:8: 760 daAuts
  Temple: 242 daAuts
